 Dungeon Crawl Stone Soup version 0.18.1-48-g4cf74bf (webtiles) character file.

350 MistressOfTheDunes the Insei (level 6, -1/47 HPs)
             Began as a Mummy Monk on July 19, 2016.
             Slain by a river rat (6 damage)
             ... in a sewer.
             The game lasted 00:05:56 (5303 turns).

MistressOfTheDunes the Insei (Mummy Monk)           Turns: 5303, Time: 00:05:57

Health: -1/47      AC:  2    Str: 14    XL:     6   Next: 34%
Magic:  6/6        EV: 13    Int: 10    God:
Gold:   164        SH:  5    Dex: 16    Spells: 0 memorised, 5 levels left

rFire  x . .     SeeInvis .       - Unarmed
rCold  + . .     Gourm    .     (no armour)
rNeg   + + +     Faith    .     c - +0 buckler
rPois  ∞         Spirit   .     h - +1 helmet
rElec  .         Dismiss  .     (no cloak)
rCorr  .         Reflect  .     (no gloves)
SustAt .         Harm     .     (no boots)
MR     .....                    (no amulet)
Stlth  ++........               (no ring)
                                (no ring)

@: not resistant to hostile enchantments, unstealthy
A: no food or potions, fire vulnerability, cold resistance 1, negative energy
resistance 3, torment resistance, unbreathing
a: no special abilities


You were in a sewer.
You were not hungry.

You visited 1 branch of the dungeon, and saw 4 of its levels.
You also visited: Sewer.

You collected 164 gold pieces.


Innate Abilities, Weirdness & Mutations

You do not eat or drink.
Your flesh is vulnerable to fire.
You are immune to poison.
Your flesh is cold resistant.
You are immune to negative energy.
You are immune to unholy pain and torment.
You can survive without breathing.


   Skills:
 - Level 3.0 Fighting
 + Level 3.1 Dodging
 - Level 1.5 Stealth
 - Level 3.1 Shields
 - Level 5.0 Unarmed Combat


You had 5 spell levels left.
You didn't know any spells.

Inventory:

Armour
 c - a +0 buckler (worn)
 h - a +1 helmet (worn)
Scrolls
 a - 2 scrolls of random uselessness {unknown}
 b - 4 scrolls of immolation {!r}
 d - a scroll of enchant armour {unknown}
 e - 4 scrolls of amnesia
 f - 4 scrolls of remove curse
 g - 2 scrolls of fog
 i - 2 scrolls of enchant weapon {unknown}
 j - 2 scrolls of teleportation {@r4}
 k - 2 scrolls of magic mapping {unknown}
 l - a scroll of noise {unknown}
 m - 2 scrolls of fear {unknown}
 n - 2 scrolls of identify {unknown}

Dungeon Overview and Level Annotations

Branches:
Dungeon (4/15)
 Temple: D:4-7

Altars:
Elyvilon

Annotations:
D:4 exclusion: ogre, Typee's ghost, amateur OpCj Sewer ThereIsNoGod's ghost, novice MiFi

≈≈≈≈≈≈≈≈≈≈≈≈≈≈≈≈≈≈≈.≈≈≈≈..≈≈≈≈
▒▒▒▒▒≈≈≈≈≈≈≈≈≈≈≈≈≈≈≈≈.......≈≈..≈
.▒..▒≈≈≈≈≈≈≈....≈.≈≈..........≈..
....▒≈≈..≈≈≈.....................
....').).........................
....▒...(.......▒▒.........r.....
.▒..▒▒...(.÷..▒▒▒▒▒.......▒▒.....
▒▒▒▒▒▒▒▒▒...▒▒▒▒▒▒r..▒▒..▒▒ ▒▒...
▒▒▒▒▒ ▒Mrr▒▒▒▒▒..▒▒▒ ▒. ▒▒▒▒▒
▒▒..∩▒ ▒▒▒▒▒


You could see a river rat and 2 rats.


Message History

The river rat closely misses you!
You pulverise the river rat but do no damage!
The river rat is severely wounded!
The river rat closely misses you!
You closely miss the river rat!
The river rat is severely wounded!
You block the river rat's attack!
You barely miss the river rat!
The river rat is severely wounded!
You pulverise the river rat but do no damage!
The river rat is severely wounded!
The river rat closely misses you!
You squash the river rat but do no damage!
The river rat is severely wounded!
The river rat closely misses you!
You beat the river rat but do no damage!
The river rat is severely wounded!
The river rat bites you! * * * don't die
* * * You pulverise the river rat but do no damage!
The river rat is severely wounded!
The river rat barely misses you!
You closely miss the river rat!
The river rat is severely wounded!
The river rat bites you! * * * don't die
* * * You beat the river rat into a bloody pulp!
The river rat is severely wounded!
The river rat bites you! rip

Action                   |  1- 3 |  4- 6 || total
-------------------------+-------+-------++-------
Melee: Unarmed           |   135 |   305 ||   440
       Punch             |     2 |     2 ||     4
  Use: Scroll            |       |     5 ||     5
 Stab: Sleeping          |     7 |     8 ||    15
       Distracted        |     1 |       ||     1
Armor: Skin              |     4 |    34 ||    38
Dodge: Dodged            |    79 |   151 ||   230
Block: Buckler           |       |    18 ||    18

Vault maps used:
D:1:      noname_arrival_rooms_in_the_neighbourhood, minmay_misc_feat_x,
          minivault_19
D:2:      kennysheep_big_flooded_room, lemuel_doored_altar,
          minmay_goblin_kobold_house
D:4:      first_bread, portal_sewer_entry_b, bh_walls_and_bars
Sewer:    sewer_minmay_treatment

Notes
Turn   | Place    | Note
--------------------------------------------------------------
     0 | D:1      | MistressOfTheDunes the Mummy Monk began the quest for the Orb.
     0 | D:1      | Reached XP level 1. HP: 18/18 MP: 1/1
   350 | D:1      | Reached XP level 2. HP: 22/24 MP: 2/2
   768 | D:1      | Reached skill level 4 in Unarmed Combat
  1055 | D:1      | Reached XP level 3. HP: 27/29 MP: 3/3
  1604 | D:2      | Found a white marble altar of Elyvilon.
  1880 | D:2      | Reached XP level 4. HP: 7/35 MP: 4/4
  2516 | D:2      | Reached skill level 5 in Unarmed Combat
  2935 | D:2      | Reached skill level 1 in Shields
  3059 | D:3      | Reached XP level 5. HP: 27/41 MP: 5/5
  3324 | D:3      | Reached skill level 2 in Shields
  4300 | D:4      | Noticed an ogre
  4412 | D:4      | Noticed Typee's ghost (amateur OpCj)
  4416 | D:4      | Reached skill level 3 in Shields
  4721 | D:4      | Found a glowing drain.
  4751 | D:4      | Reached XP level 6. HP: 33/47 MP: 6/6
  4781 | Sewer    | Entered a sewer
  4912 | Sewer    | Reached skill level 3 in Dodging
  4986 | Sewer    | Noticed ThereIsNoGod's ghost (novice MiFi)
  5303 | Sewer    | Slain by a river rat

Vanquished Creatures
  A big kobold (Sewer)
  A crimson imp (D:3)
  A worker ant (D:4)
  A hound skeleton (D:4)
  10 adders
  2 river rats
  An ooze (D:3)
  A worm (D:2)
  2 dart slugs
  2 giant geckos
  An orc (D:3)
  4 giant cockroaches
  10 goblins
  15 hobgoblins
  A quokka (D:2)
  2 ball pythons
  10 bats
  5 giant newts
  13 kobolds
  14 rats
97 creatures vanquished.
